 Dungeon Crawl Stone Soup version 0.31-a0-536-ga3e2962e35 (webtiles) character file.

Game seed: 17756818381886225466

1096 JackS81 the Changeling (level 8, -3/6 HPs)
             Began as a Naga Shapeshifter on Aug 13, 2023.
             Slain by a wraith (9 damage)
             ... on level 6 of the Dungeon.
             The game lasted 00:20:38 (6057 turns).

JackS81 the Changeling (Naga Shapeshifter)          Turns: 6057, Time: 00:20:39

Health: -3/6       AC:  9    Str: 18    XL:     8   Next: 31%
Magic:  8/8        EV: 12    Int: 11    God:
Gold:   251        SH:  0    Dex: 11    Spells: 7/7 levels left

rFire   . .          .
                       - Unarmed
rCold   + . .        (no shield)
rNeg    + + +        a - +0 animal skin
rPois   ∞            (no helmet)
rElec   .            (no cloak)
rCorr   .            (no gloves)
SInv    +            m - +2 barding
Will    ++...        (no amulet)
Stlth   +            e - +5 ring of evasion
HPRegen 0.21/turn    t - ring of flight
MPRegen 0.11/turn

%: no passive effects
@: death-form, flying, very slow
A: vile attack, torment immunity, no potions, reduced hp, AC +2, large, see
invisible, deformed body, poison resistance, slowness 2, spit poison 1, naga
tail 1
a: Spit Poison, Siphon Essence, Begin Untransformation


You were on level 6 of the Dungeon.
You were an undying horror.
You visited 2 branches of the dungeon, and saw 7 of its levels.

You collected 251 gold pieces.

Inventory:

Hand Weapons
 r - a +2 heavy spear
 K - the +1 dagger of Waet {antimagic, rPois rF+ SInv}
   (You found it on level 5 of the Dungeon)

   rF+:       It protects you from fire.
   rPois:     It protects you from poison SInv: It lets you see invisible.
 Q - a +1 heavy shortbow
Missiles
 f - 8 poisoned darts
 i - 50 stones
 y - 2 silver javelins
 F - a throwing net
 J - 2 boomerangs (quivered)
Armour
 a - a +0 animal skin (worn)
 m - a +2 barding (worn)
Magical Staves
 x - a staff of earth
 I - a staff of air
Jewellery
 e - a +5 ring of evasion (left hand)
 j - a ring of resist corrosion
 p - a ring of protection from fire
 t - a ring of flight (right hand)
 u - a +5 ring of evasion
 v - a +6 ring of intelligence
 z - an amulet of magic regeneration
 N - a ring of protection from fire
 P - a +5 ring of evasion
Talismans
 c - a beast talisman
 d - a flux talisman
 g - a talisman of death (active)
Wands
 q - a wand of flame (15)
 O - a wand of quicksilver (11)
Scrolls
 l - 4 scrolls of identify
 n - 2 scrolls of brand weapon {unknown}
 o - 3 scrolls of vulnerability {unknown}
 A - 4 scrolls of amnesia {unknown}
 B - a scroll of enchant weapon {unknown}
 C - a scroll of immolation {unknown}
 E - 2 scrolls of revelation {unknown}
 H - 2 scrolls of blinking {unknown}
 L - a scroll of teleportation {unknown}
Potions
 b - 2 potions of lignification
 h - 2 potions of invisibility
 k - 3 potions of degeneration
 s - a potion of curing {unknown}
 w - a potion of brilliance
 D - 2 potions of might {unknown}
 G - a potion of resistance {unknown}
 M - 2 potions of heal wounds {unknown}


   Skills:
 - Level 1.5 Fighting
 - Level 1.5 Dodging
 - Level 6.0 Unarmed Combat
 + Level 7.2 Shapeshifting


You had 7 spell levels left.
You didn't know any spells.
Your spell library was empty.

Dungeon Overview and Level Annotations

Branches:
Dungeon (6/15)             Temple (1/1) D:4

Altars:
Ashenzari
Dithmenos
Elyvilon
Fedhas
Hepliaklqana
Kikubaaqudgha
Makhleb
Nemelex Xobeh
Okawaru
Qazlal
Ru
Sif Muna
Trog
Uskayaw
Vehumet
Xom
Yredelemnul
Zin
The Shining One


Innate Abilities, Weirdness & Mutations

You are an undying horror.
Your melee and unarmed attacks drain, slow and weaken victims.
You are immune to unholy pain and torment.
You cannot drink.
Your maximum health is decreased, since you lack skill for your form.
Your serpentine skin is tough. (AC +2)
You have supernaturally acute eyesight. (SInv)
Armour fits poorly on your strangely shaped body.
Your system is resistant to poisons. (rPois)
You cover ground very slowly.
You can spit poison.
You have a snake-like lower body.


Message History

Found 18 gold pieces and a Grand Grimoire.
The centaur shoots an arrow.
The arrow closely misses you.
The centaur shoots an arrow.
The arrow closely misses you.
The centaur shoots an arrow.
The arrow barely misses you.
The centaur unwields a +1 heavy shortbow.
The centaur hits you. The centaur misses you.
The centaur completely misses you. The centaur barely misses you.
You punch the centaur! You punch the centaur.
The centaur is severely wounded.
The centaur hits you. The centaur kicks you.
You punch the centaur!
You kill the centaur!
Things that are here:
a +1 heavy shortbow; a centaur corpse
Q - a +1 heavy shortbow A wraith comes into view.
You begin transforming.
You continue transforming. x3
Your transformation has ended.
Your +2 barding unmelds from your body.
Your flesh twists and warps into a mockery of life!
You see here a centaur corpse.
Found a club.
There is a large open door here.
Throw: 2 boomerangs
Press: ? - help, Q - select action, (/) - cycle Shift-Dir - straight line, f - wraith
Aim: a wraith (wandering, hasn't noticed you, 50% to hit)
You throw a boomerang. The boomerang barely misses the wraith.
Throw: 2 boomerangs
Press: ? - help, Q - select action, (/) - cycle Shift-Dir - straight line, f/p - wraith
Aim: a wraith (50% to hit)
You throw a boomerang.
The boomerang hits the wraith but does no damage.
Throw: 2 boomerangs
Press: ? - help, Q - select action, (/) - cycle Shift-Dir - straight line, f/p - wraith
Aim: a wraith (50% to hit)
You throw a boomerang.
The boomerang hits the wraith but does no damage.
You barely miss the wraith. The wraith hits you!
Ouch! That really hurt!
You die...

##...#.....#
...##........#
....###......#
.....##......#
......##...###
.......#.#.#
)......#...#########
.......#†.>.........
...$..Wz.###########
.......'.#
.......### .......
....... ......#
.....# ..:.#


You could see a wraith.

Vanquished Creatures
  Sigmund (D:3)
  A sky beast (D:6)
  An ogre (D:5)
  A centaur (D:6)
  A kobold brigand (D:5)
  3 hounds
  Jessica (D:3)
  Terence (D:3)
  7 iguanas
  An orc wizard (D:6)
  Robin (D:4)
  10 adders
  4 gnolls (D:6)
  An ufetubus (D:4)
  A worm (D:2)
  3 dart slugs
  4 orcs
  9 endoplasms
  4 giant cockroaches
  21 goblins
  8 hobgoblins
  6 jackals
  4 quokkas
  9 ball pythons
  3 bats
  6 frilled lizards
  10 kobolds
  7 rats
129 creatures vanquished.

Notes
Turn   | Place    | Note
-------+----------+-------------------------------------------
     0 | D:1      | JackS81 the Naga Shapeshifter began the quest for the Orb.
     0 | D:1      | Reached XP level 1. HP: 18/18 MP: 1/1
   210 | D:1      | Reached XP level 2. HP: 25/25 MP: 2/2
   845 | D:1      | Found a faded altar of an unknown god.
   937 | D:1      | Reached XP level 3. HP: 25/31 MP: 3/3
  1598 | D:2      | You fall into a shaft and drop 1 floor!
  1661 | D:3      | Noticed Sigmund
  1669 | D:3      | Killed Sigmund
  1670 | D:3      | Reached skill level 5 in Unarmed Combat
  1670 | D:3      | Reached skill level 4 in Shapeshifting
  1670 | D:3      | Reached XP level 4. HP: 24/38 MP: 4/4
  1670 | D:3      | Reached XP level 5. HP: 28/44 MP: 5/5
  1988 | D:3      | Reached XP level 6. HP: 48/51 MP: 6/6
  2010 | D:3      | Found a white marble altar of Elyvilon.
  2307 | D:3      | Noticed Terence
  2322 | D:3      | Killed Terence
  2445 | D:3      | Noticed Jessica
  2448 | D:3      | Killed Jessica
  2580 | D:3      | Found a shimmering blue altar of Sif Muna.
  3075 | D:4      | Found a burning altar of Makhleb.
  3210 | D:4      | Reached XP level 7. HP: 47/57 MP: 7/7
  3355 | D:4      | Found a staircase to the Ecumenical Temple.
  3374 | D:4      | Reached skill level 5 in Shapeshifting
  3586 | D:4      | Found a basalt altar of Yredelemnul.
  3590 | D:4      | Found a blossoming altar of Fedhas.
  3594 | D:4      | Found an ancient bone altar of Kikubaaqudgha.
  3758 | Temple   | Entered the Ecumenical Temple
  4131 | D:4      | Noticed Robin
  4137 | D:4      | Killed Robin
  4222 | D:5      | Entered Level 5 of the Dungeon
  4677 | D:5      | Reached skill level 6 in Shapeshifting
  4726 | D:5      | Identified the +1 dagger of Waet {antimagic, rPois rF+
                  | SInv}
  5088 | D:5      | Found a glowing golden altar of the Shining One.
  5548 | D:6      | Reached XP level 8. HP: 41/64 MP: 8/8
  5875 | D:6      | Reached skill level 7 in Shapeshifting
  6041 | D:6      | Noticed a wraith
  6057 | D:6      | Slain by a wraith

Illustrated notes

Levels and vault maps discovered:
D:1:      dpeg_arrival_fog, layout_basic, shapermc_ecumenical_altar_ellora
D:2:      layout_basic
D:3:      layout_basic, mainiacjoe_overflow_boulevard,
          nicolae_elyvilon_temple_path, kennysheep_another_room, uniq_terence,
          uniq_sigmund, uniq_jessica
D:4:      kennysheep_goblin_castle, layout_loops_cross,
          makhleb_blood_cavern_becter, grunt_temple_overflow_diamond,
          minmay_temple_entry_overgrown
D:5:      layout_basic, nicolae_overflow_hidden_temple, lemuel_round_altar,
          lexackson_kobold_supper
D:6:      kennysheep_big_flooded_room, layout_basic, gammafunk_ghost_grave,
          grunt_decor_mini_mirrors
Temple:   hc_temple_tempest_star

Skill      XL: |  1  2  3  4  5  6  7  8 |
---------------+-------------------------+-----
Unarmed Combat | 5 6 |  6.0
Shapeshifting  | 4 6 7 |  7.2
Fighting       | |  1.5
Dodging        | |  1.5

Action                     |  1- 3 |  4- 6 |  7- 9 || total
---------------------------+-------+-------+-------++-------
  Melee: Unarmed           |    95 |   124 |   149 ||   368
         Punch             |     3 |     2 |     6 ||    11
  Throw: Boomerang         |       |       |    12 ||    12
Ability: Spit Poison       |       |     1 |     1 ||     2
    Use: Potion            |     1 |     2 |     2 ||     5
         Scroll            |       |     1 |       ||     1
 Armour: Animal skin       |     6 |    21 |    30 ||    57
         Skin              |       |       |    15 ||    15
  Dodge: Dodged            |    55 |    94 |    99 ||   248
   Form: Beast             |     1 |       |     1 ||     2
         Death             |     1 |       |     1 ||     2
         Flux              |       |       |     1 ||     1

Table legend: (Time is in decaauts)
 A = Elapsed time spent in this place.
 B = Non-inter-level travel time spent in this place.
 C = Inter-level travel time spent in this place.
 D = Time resting spent in this place.
 E = Time spent auto-exploring this place.
 F = Levels seen in this place.
 G = Mean time per level.
                   A        B        C        D        E       F      G
               +--------+--------+--------+--------+--------+-----+--------+
         Total |   7750 |   7372 |    378 |    198 |   5927 |   7 | 1107.1 |
       Dungeon |   7748 |   7371 |    377 |    198 |   5927 |   6 | 1291.3 |
        Temple |      1 |      1 |      0 |      0 |      0 |   1 |    1.0 |
               +--------+--------+--------+--------+--------+-----+--------+

Top non-repeatable levels by time:
     D:4: 1831 daAuts
     D:5: 1730 daAuts
     D:1: 1471 daAuts
     D:3: 1194 daAuts
     D:2: 902 daAuts
     D:6: 617 daAuts
  Temple: 1 daAuts
